 Dungeon Crawl Stone Soup version 0.20.0-10-g0535bb4 (webtiles) character file.

19317 grindst0ne the Blocker (level 12, 0/56 HPs)
             Began as a Gargoyle Fighter on June 7, 2017.
             Was the Champion of Okawaru.
             Slain by a thrashing horror (4 damage)
             ... on level 2 of the Abyss.
             The game lasted 00:35:07 (13105 turns).

grindst0ne the Blocker (Gargoyle Fighter)          Turns: 13105, Time: 00:35:07

Health: 0/56       AC: 34    Str: 20 (21) XL:     12   Next: 67%
Magic:  9/12       EV:  7    Int: 10      God:    Okawaru [******]
Gold:   264        SH:  8    Dex: 20      Spells: 11/11 levels left

rFire    + + .     SeeInvis .   G - +4 morningstar (freeze)
rCold    + + .     Gourm    .   u - +0 buckler
rNeg     + . .     Faith    .   O - +3 plate armour {rC+}
rPois    ∞         Spirit   .   A - +1 helmet
rElec    +         Reflect  .   (no cloak)
rCorr    +         Harm     .   S - +0 pair of gloves
MR       .....     Clarity  +   T - +2 pair of boots {Fly}
Stlth    ..........             V - amulet of regeneration
Regen    0.2/turn               K - +5 ring of dexterity
MPRegen  0.2/turn               y - +2 ring of protection

@: brilliant, about to teleport, resistant, flying, hasted, very quick
A: fangs 1, agile 1, [berserk 2], [blurry vision 2], clarity, [deterioration 2],
[dopey 2], fire resistance 1, [frail 3], [low mp 2], negative energy resistance
1, [screaming 2], electricity resistance, unbreathing, petrification resistance,
[no potion heal 3], rot immunity, [MP-powered wands], AC +8
a: Heroism, Finesse, Renounce Religion, Stop Flying


You were on level 2 of the Abyss.
You worshipped Okawaru.
Okawaru was exalted by your worship.
You were very hungry.

You visited 3 branches of the dungeon, and saw 14 of its levels.
You visited the Abyss 1 time.

You collected 652 gold pieces.
You spent 388 gold pieces at shops.

Inventory:

Hand Weapons
 k - a +1 whip of flaming
 G - a +4 morningstar of freezing (weapon)
Missiles
 o - 2 throwing nets (quivered)
Armour
 c - a +0 shield
 u - a +0 buckler (worn)
 A - a +1 helmet (worn)
 O - a +3 plate armour of cold resistance (worn)
 S - a +0 pair of gloves (worn)
 T - a +2 pair of boots of flying (worn)
Jewellery
 l - an uncursed ring of fire {unknown}
 y - a +2 ring of protection (right hand)
 K - a +5 ring of dexterity (left hand)
 V - an amulet of regeneration (around neck)
Wands
 a - a wand of scattershot (0/9)
 g - a wand of scattershot (5/9)
 q - a wand of enslavement (9/24)
 r - a wand of digging (13/24)
 s - a wand of disintegration (0/24)
 w - a wand of scattershot (4/9)
 x - a wand of iceblast (0/15)
 H - a wand of confusion (14/48)
 J - a wand of enslavement (10/24)
 R - a wand of digging (10/24)
 U - a wand of polymorph (17/24)
Scrolls
 d - 2 scrolls of identify
 e - 2 scrolls of recharging
 h - 2 scrolls of enchant armour
 i - 5 scrolls of remove curse
 j - 3 scrolls of magic mapping
 m - 2 scrolls of enchant weapon
 v - 2 scrolls of amnesia
 C - 2 scrolls of silence
 D - a scroll of immolation {unknown}
 E - a scroll of vulnerability {unknown}
 F - 3 scrolls of torment {unknown}
 I - a scroll of acquirement {unknown}
 N - 2 scrolls of fog {unknown}
Potions
 p - 2 potions of heal wounds
 L - a potion of magic
 X - 3 potions of curing
Books
 n - a book of the Sky

   Spells                             Type                      Level
   a - Summon Lightning Spire         Summoning/Air                4
   b - Silence                        Hexes/Air                    5
   c - Deflect Missiles               Charms/Air                   6
   d - Conjure Ball Lightning         Conjuration/Air              6
   e - Tornado                        Air                          9
Comestibles
 b - 3 fruits
 f - 9 bread rations
 t - 6 meat rations
 z - 2 royal jellies


   Skills:
 + Level 11.8 Fighting
 + Level 10.6 Maces & Flails
 + Level 8.2 Armour
 - Level 2.0 Dodging
 + Level 12.0 Shields
 - Level 4.0 Invocations
 - Level 4.1 Evocations


You had 11 spell levels left.
You didn't know any spells.

Dungeon Overview and Level Annotations

Branches:
Dungeon (11/15)            Temple (1/1) D:4            Lair (2/6) D:9
  Swamp (0/4) Lair:2          Orc (0/2) D:11
  Snake: Lair:2-4    Spider: Lair:2-4

Altars:
Ashenzari
Cheibriados
Dithmenos
Elyvilon
Fedhas
Gozag
Hepliaklqana
Kikubaaqudgha
Makhleb
Nemelex Xobeh
Okawaru
Qazlal
Ru
Sif Muna
Trog
Uskayaw
Vehumet
Xom
Yredelemnul
Zin
The Shining One

Shops:
D:10 ?=*   D:11 *

Portals:
Trove: D:10 (give +5 ice dragon scales)

Annotations:
Lair:2 Sonja


Innate Abilities, Weirdness & Mutations

You are resistant to torment.
Your stone body is resilient. (AC +8)
You are immune to poison.
You resist negative energy. (rN+)
You are resistant to electric shocks. (rElec)
You can survive without breathing.
You are immune to petrification.
You are immune to rotting.
You have very sharp teeth.
You are agile. (Dex +2)
You possess an exceptional clarity of mind.
Your flesh is heat resistant. (rF+)
[You often lose your temper in combat.]
[Scrolls take you longer to read.]
[Your body often deteriorates upon taking damage.]
[You are very dopey. (Int -4)]
[You are extremely frail. (-30% HP)]
[Your magical capacity is very low. (-20% MP)]
[You sometimes yell uncontrollably at your foes.]
[Potions cannot restore your health.]
[You expend magic power (3 MP) to strengthen your wands.]


Message History

The thrashing horror barely misses you.
The thrashing horror tramples you but does no damage.
You begin reading the scroll.
You continue reading the scroll.
The thrashing horror roars!
The thrashing horror tramples you but does no damage.
The thrashing horror misses you.
As you read the scroll of teleportation, it crumbles to dust.
You feel strangely unstable.
You feel the power of the Abyss delaying your translocation!
The thrashing horror roars!
Evoke which item? (* to show all) (? for menu, Esc to quit)
Aiming: Enslavement (will waste charges)
Press: ? - help, Shift-Dir - straight line, f - thrashing horror
Aim: a thrashing horror (chance to defeat MR: 31%)
The thrashing horror easily resists.
Evoking this partially-identified wand wasted a few charges.
Your skill with magical items lets you calculate the power of this device...
This wand has 9 charges left.
The thrashing horror barely misses you. The thrashing horror tramples you.
You die...

#....# ##.# #.#
#.# ##. #.# #..
#.# # #.8 ######
#.# .. ..
#....###. # ####
)8. #.
#@....##..#. ##
...'##'##X...###
## ##.# #
##.....#####
#.#...... .
#...8.###... ....
# .#
#.....###..##... #
# #.# #.##...#.#
#.. ..# . .# #
#....##.##...###
.#
#..........###....
.. # #####.# ##.#
#. # ##..


You could see a thrashing horror.

Vanquished Creatures
  A hydra (D:11)
  5 two-headed ogres
  An unseen horror (D:10)
  A swamp dragon (Lair:1)
  Pikel (D:4)
  An ugly thing (D:10)
  A cyclops (D:11)
  2 black mambas (Lair:1)
  2 spiny frogs (Lair:1)
  A kobold demonologist (D:9)
  A komodo dragon (Lair:2)
  A merfolk (D:9)
  A troll (D:11)
  A hornet (D:11)
  7 hippogriffs
  2 wraiths
  2 wyverns
  6 yaks (D:10)
  The ghost of dscm the Shield-Bearer, an amateur FoFi (D:5)
  A basilisk (Lair:1)
  A hungry ghost (D:7)
  A water moccasin (Lair:1)
  The ghost of Terandir the Digger, an amateur DEEE (D:4)
  4 porcupines
  2 black bears (D:7)
  2 ice beasts
  4 orc warriors
  2 sky beasts
  6 ogres
  5 centaurs
  4 crocodiles
  11 big kobolds
  Blork the orc (D:5)
  13 bullfrogs
  A wyvern skeleton (D:9)
  A small abomination (Abyss:2)
  10 killer bees
  The ghost of dscm the Shield-Bearer, a weakling FoFi (D:8)
  10 wights
  3 howler monkeys
  3 crimson imps
  3 centaur zombies
  A bullfrog zombie (D:6)
  A quasit (D:8)
  6 hounds
  2 jellies
  5 orc priests
  An iguana (D:9)
  6 orc wizards
  2 bullfrog skeletons
  3 centaur skeletons
  A hell rat (Lair:2)
  4 worker ants
  A hound zombie (D:8)
  A hound skeleton (D:5)
  Robin (D:4)
  7 gnolls
  10 adders
  2 shadow imps
  2 oozes
  3 adder skeletons
  2 worms
  6 leopard geckos
  37 orcs
  8 bats
  2 giant cockroaches
  19 goblins
  6 hobgoblins
  19 jackals
  4 quokkas
  A ball python skeleton (D:4)
  A frilled lizard (D:3)
  22 kobolds
  A leopard gecko zombie (D:7)
  2 quokka skeletons (D:4)
  A rat (D:1)
318 creatures vanquished.

Vanquished Creatures (others)
  A porcupine (Lair:2)
  2 slaves (D:4)
  A human (D:9)
  An orc priest (D:4)
  2 iguanas
  4 orc wizards (D:4)
  A quokka (D:3)
  A quokka skeleton (D:4)
  A bush (D:5)
  A lurking horror (Abyss:2)
15 creatures vanquished.

Grand Total: 333 creatures vanquished

Notes
Turn   | Place    | Note
-------+----------+-------------------------------------------
     0 | D:1      | grindst0ne the Gargoyle Fighter began the quest for the Orb.
     0 | D:1      | Reached XP level 1. HP: 14/14 MP: 1/1
    58 | D:1      | Reached XP level 2. HP: 19/19 MP: 2/2
   223 | D:1      | Reached XP level 3. HP: 20/24 MP: 3/3
   646 | D:1      | Reached skill level 4 in Shields
   869 | D:2      | Reached XP level 4. HP: 21/29 MP: 4/4
  1673 | D:3      | Found a glowing golden altar of the Shining One.
  1779 | D:3      | Reached XP level 5. HP: 33/33 MP: 5/5
  1894 | D:3      | Found a white marble altar of Elyvilon.
  2364 | D:3      | Found a sparkling altar of Nemelex Xobeh.
  2657 | D:4      | Noticed Terandir's ghost (amateur DEEE)
  3046 | D:4      | Killed Terandir's ghost
  3046 | D:4      | Reached skill level 5 in Fighting
  3046 | D:4      | Reached skill level 5 in Shields
  3046 | D:4      | Reached XP level 6. HP: 40/40 MP: 6/6
  3120 | D:4      | Noticed Robin
  3183 | D:4      | Killed Robin
  3290 | D:4      | Reached XP level 7. HP: 22/44 MP: 7/7
  3484 | D:4      | Gained mutation: You possess an exceptional clarity of mind. [potion of mutation]
  3484 | D:4      | Gained mutation: Your flesh is heat resistant. (rF+) [potion of mutation]
  3484 | D:4      | Gained mutation: You are agile. (Dex +2) [potion of mutation]
  3484 | D:4      | Gained mutation: You have very sharp teeth. [potion of mutation]
  3493 | D:4      | HP: 1/44 [something/puff of frost (6)]
  3495 | D:5      | Entered Level 5 of the Dungeon
  3506 | D:5      | HP: 1/44 [killer bee (2)]
  4015 | D:4      | Reached skill level 6 in Shields
  4074 | D:4      | Noticed Pikel
  4100 | D:4      | Killed Pikel
  4100 | D:4      | Reached skill level 5 in Maces & Flails
  4100 | D:4      | Reached XP level 8. HP: 52/52 MP: 8/8
  4155 | D:4      | Reached skill level 7 in Shields
  4776 | D:4      | Found a staircase to the Ecumenical Temple.
  4785 | Temple   | Entered the Ecumenical Temple
  4790 | Temple   | Became a worshipper of Warmaster Okawaru
  4834 | D:5      | Found a blossoming altar of Fedhas.
  5089 | D:5      | Noticed dscm's ghost (amateur FoFi)
  5147 | D:5      | Killed dscm's ghost
  5147 | D:5      | Reached XP level 9. HP: 38/59 MP: 9/9
  5719 | D:5      | Reached skill level 8 in Shields
  5759 | D:5      | Noticed Blork the orc
  5771 | D:5      | Killed Blork the orc
  5902 | D:5      | Reached * piety under Okawaru
  7220 | D:7      | Reached ** piety under Okawaru
  7220 | D:7      | Reached skill level 9 in Shields
  7534 | D:7      | Reached XP level 10. HP: 39/66 MP: 10/10
  7672 | D:8      | Reached *** piety under Okawaru
  7691 | D:8      | Found a sacrificial altar of Ru.
  7744 | D:8      | Noticed dscm's ghost (weakling FoFi)
  7779 | D:8      | Killed dscm's ghost
  7987 | D:8      | Found a basalt altar of Yredelemnul.
  8200 | D:9      | Found an ancient bone altar of Kikubaaqudgha.
  8237 | D:9      | Reached skill level 10 in Fighting
  8237 | D:9      | Reached skill level 5 in Armour
  8252 | D:8      | Reached **** piety under Okawaru
  8256 | D:8      | Reached skill level 10 in Shields
  8994 | D:9      | Reached skill level 1 in Invocations
  9072 | D:9      | Noticed a two-headed ogre
  9080 | D:9      | Killed a two-headed ogre
  9080 | D:9      | Reached skill level 1 in Evocations
  9270 | D:9      | Found a staircase to the Lair.
  9304 | D:9      | Noticed a kobold demonologist
  9323 | D:9      | Killed a kobold demonologist
  9323 | D:9      | Reached ***** piety under Okawaru
  9323 | D:9      | Reached XP level 11. HP: 71/73 MP: 12/12
  9621 | D:10     | Entered Level 10 of the Dungeon
  9621 | D:10     | Found Reylosat's Magic Scroll Shoppe.
  9626 | D:10     | Bought a scroll of magic mapping for 45 gold pieces
  9626 | D:10     | Bought a scroll of identify for 26 gold pieces
  9626 | D:10     | Bought a scroll of enchant weapon for 97 gold pieces
  9626 | D:10     | Bought a scroll of identify for 26 gold pieces
  9626 | D:10     | Bought a scroll of enchant armour for 97 gold pieces
  9626 | D:10     | Bought a scroll of silence for 97 gold pieces
  9743 | D:10     | Received a gift from Okawaru
  9957 | D:10     | Noticed a two-headed ogre
  9970 | D:10     | Killed a two-headed ogre
 10141 | D:10     | Found a portal to a secret trove of treasure.
 10227 | D:10     | Found Sishrob's Assorted Antiques.
 10263 | D:10     | Noticed a brown ugly thing
 10271 | D:10     | Killed a brown ugly thing
 10351 | D:10     | Found Voholulu's Jewellery Shop.
 10409 | D:11     | Found a staircase to the Orcish Mines.
 10430 | D:11     | Noticed a two-headed ogre
 10445 | D:10     | Killed a two-headed ogre
 10462 | D:10     | Killed an unseen horror
 10462 | D:10     | Reached skill level 11 in Shields
 10699 | D:11     | Found Suran's Assorted Antiques.
 10793 | D:11     | Noticed a two-headed ogre
 10799 | D:11     | Killed a two-headed ogre
 10827 | D:11     | Noticed a four-headed hydra
 10832 | D:11     | Killed a four-headed hydra
 10832 | D:11     | Reached skill level 10 in Maces & Flails
 10832 | D:11     | Reached XP level 12. HP: 73/80 MP: 15/15
 10967 | D:11     | Noticed a two-headed ogre
 10975 | D:11     | Killed a two-headed ogre
 11117 | D:11     | Reached skill level 1 in Dodging
 11298 | Lair:1   | Entered Level 1 of the Lair of Beasts
 11459 | Lair:1   | Received a gift from Okawaru
 12559 | Lair:2   | Found a staircase to the Swamp.
 12597 | Lair:1   | Reached ****** piety under Okawaru
 12610 | Lair:2   | Reached skill level 12 in Shields
 12861 | Lair:2   | Noticed Sonja
 12886 | Lair:2   | Cast into level 2 of the Abyss (Sonja)
 12908 | Abyss:2  | Noticed a wretched star
 12937 | Abyss:2  | Noticed a starcursed mass
 12938 | Abyss:2  | Noticed a thrashing horror
 12989 | Abyss:2  | Noticed a bone dragon
 13079 | Abyss:2  | Noticed a thrashing horror
 13105 | Abyss:2  | Slain by a thrashing horror

Skill      XL: |  1  2  3  4  5  6  7  8  9 10 11 12 |
---------------+-------------------------------------+-----
Shields        | 4 5 6 7 9 10 11 12 | 12.0
Fighting       | 4 5 6 7 9 10 11 | 11.8
Maces & Flails | 3 4 5 6 8 9 10 | 10.6
Armour         | 5 7 8 |  8.2
Invocations    | 2 4 |  4.0
Evocations     | 1 4 |  4.1
Dodging        | 2 |  2.0

Action                   |  1- 3 |  4- 6 |  7- 9 | 10-12 || total
-------------------------+-------+-------+-------+-------++-------
Melee: Flail             |   133 |   289 |    79 |    56 ||   557
       Bite              |       |       |    64 |   116 ||   180
       Mace              |       |       |   346 |    81 ||   427
       Whip              |       |       |    65 |       ||    65
       Morningstar       |       |       |       |   508 ||   508
       Unarmed           |       |       |       |     1 ||     1
Throw: Javelin           |       |     3 |       |       ||     3
       Tomahawk          |       |     4 |       |       ||     4
Invok: Heroism           |       |       |       |     4 ||     4
Evoke: Wand              |       |       |     2 |    12 ||    14
  Use: Scroll            |       |       |    12 |     7 ||    19
       Potion            |       |       |     8 |     6 ||    14
 Stab: Confused          |       |       |       |     2 ||     2
  Eat: Chunk             |       |     9 |    13 |    11 ||    33
       Bread ration      |       |       |     1 |     2 ||     3
Armor: Scale mail        |    76 |    48 |       |       ||   124
       Chain mail        |       |   142 |    57 |       ||   199
       Plate armour      |       |       |   381 |   678 ||  1059
       Skin              |       |       |       |     1 ||     1
Dodge: Dodged            |    48 |    78 |   102 |   236 ||   464
Block: Shield            |    75 |   169 |   172 |       ||   416
       Buckler           |       |       |    61 |   273 ||   334
